 Dungeon Crawl Stone Soup version 0.19.0-22-gd96e5fe (webtiles) character file.

13 dobroeutro the Grave Robber (level 2, 0/16 HPs)
             Began as a Gargoyle Necromancer on Nov 18, 2016.
             Slain by a hobgoblin (3 damage)
             ... on level 1 of the Dungeon.
             The game lasted 00:01:40 (986 turns).

dobroeutro the Grave Robber (Gargoyle Necromancer)   Turns: 986, Time: 00:01:41

Health: 0/16       AC:  7    Str: 11    XL:     2   Next: 37%
Magic:  5/5        EV: 11    Int: 15    God:
Gold:   23         SH:  0    Dex: 10    Spells: 1 memorised, 4 levels left

rFire  . . .     SeeInvis .     e - -3 club (curse)
rCold  . . .     Gourm    .     k - +0 leather armour
rNeg   + . .     Faith    .     (no shield)
rPois  ∞         Spirit   .     (no helmet)
rElec  +         Reflect  .     g - +1 cloak
rCorr  .         Harm     .     (no gloves)
MR     .....                    (no boots)
Stlth  ++........               (no amulet)
                                (no ring)
                                (no ring)

@: no status effects
A: negative energy resistance 1, electricity resistance, unbreathing,
petrification resistance, rot immunity, AC +2
a: no special abilities


You were on level 1 of the Dungeon.
You were hungry.

You visited 1 branch of the dungeon, and saw 1 of its levels.

You collected 23 gold pieces.

Inventory:

Hand Weapons
 e - a cursed -3 club (weapon)
 f - a +0 spear
 h - a +0 club
Armour
 g - a +1 cloak (worn)
 k - a +0 leather armour (worn)
 l - a +2 chain mail of magic resistance
Jewellery
 a - an uncursed ring of poison resistance {unknown}
Potions
 d - a potion of curing {unknown}
 j - a potion of might {unknown}
 m - a potion of lignification {unknown}
Books
 b - a book of Necromancy

   Spells                             Type                      Level
   a - Pain                           Necromancy                   1
   b - Animate Skeleton               Necromancy                   1
   c - Vampiric Draining              Necromancy                   3
   d - Regeneration                   Charms/Necromancy            3
   e - Animate Dead                   Necromancy                   4
   f - Control Undead                 Necromancy                   4
Comestibles
 c - a bread ration
 i - a royal jelly


   Skills:
 + Level 0.9 Fighting
 * Level 1.1 Maces & Flails
 + Level 0.4 Armour
 + Level 1.7 Dodging
 - Level 2.1 Stealth
 - Level 2.0 Spellcasting
 - Level 3.2 Necromancy


You had 4 spell levels left.
You knew the following spells:

 Your Spells              Type           Power        Failure   Level  Hunger
a - Pain                  Necr           ##..         10%         1    #......


Dungeon Overview and Level Annotations

Branches:
Dungeon (1/15)

Altars:


Innate Abilities, Weirdness & Mutations

You are resistant to torment.
Your stone body is resilient. (AC +2)
You are immune to poison.
You resist negative energy. (rN+)
You are resistant to electric shocks. (rElec)
You can survive without breathing.
You are immune to petrification.
You are immune to rotting.


Message History

You are too injured to fight recklessly!
You are too injured to fight recklessly!
You are too injured to fight recklessly!
You are too injured to fight recklessly!
You are too injured to fight recklessly!
You are too injured to fight recklessly!
You are too injured to fight recklessly!
You are too injured to fight recklessly!
You are too injured to fight recklessly!
You closely miss the hobgoblin.
The hobgoblin is heavily wounded.
The hobgoblin closely misses you.
The hobgoblin hits you but does no damage.
You closely miss the hobgoblin.
The hobgoblin is heavily wounded.
The hobgoblin closely misses you.
You barely miss the hobgoblin.
The hobgoblin is heavily wounded.
The hobgoblin hits you.
You die...

#.# #)# #.# #.#
#############.#
#......)......#
#.#############
#.#
#.####.########
#..........@gl#
######.######.#
..........#
####........
#####.#### ##


You could see a hobgoblin and a frilled lizard.

Vanquished Creatures
  2 giant cockroaches (D:1)
  4 goblins (D:1)
  A hobgoblin (D:1)
  2 kobolds (D:1)
  2 rats (D:1)
11 creatures vanquished.

Notes
Turn   | Place    | Note
-------+----------+-------------------------------------------
     0 | D:1      | dobroeutro the Gargoyle Necromancer began the quest for the Orb.
     0 | D:1      | Reached XP level 1. HP: 10/10 MP: 3/3
   593 | D:1      | Reached skill level 1 in Maces & Flails
   593 | D:1      | Reached XP level 2. HP: 15/16 MP: 5/5
   986 | D:1      | Slain by a hobgoblin

Skill      XL: |  1 |
---------------+----+-----
Maces & Flails | 1 |  1.1
Fighting       | |  0.9
Armour         | |  0.4
Dodging        | |  1.7
Stealth        | |  2.1
Spellcasting   | |  2.0
Necromancy     | |  3.2

Action                   || total
-------------------------++-------
Melee: Club              ||   141
       Unarmed           ||     9
  Use: Scroll            ||     3
 Stab: Sleeping          ||     1
Armor: Robe              ||    25
       Leather armour    ||    47
Dodge: Dodged            ||   119
